 Dungeon Crawl Stone Soup version 0.21.1-1-g345015f (webtiles) character file.

873 lyrx the Destroyer (level 7, 0/46 HPs)
             Began as a Demonspawn Conjurer on Apr 11, 2018.
             Was an Initiate of Vehumet.
             Slain by an orc warrior
             ... wielding a +0 flail
              (20 damage)
             ... on level 6 of the Dungeon.
             The game lasted 00:53:07 (8499 turns).

lyrx the Destroyer (Demonspawn Conjurer)            Turns: 8499, Time: 00:53:07

Health: 0/46       AC:  3    Str:  9    XL:     7   Next: 74%
Magic:  2/10       EV: 18    Int: 18    God:    Vehumet [......]
Gold:   291        SH:  0    Dex: 18    Spells: 3/10 levels left

rFire    + . .     SeeInvis .   v - +4 war axe (venom)
rCold    x . .     Gourm    .   (no shield)
rNeg     . . .     Faith    .   a - +0 robe
rPois    .         Spirit   .   (no helmet)
rElec    .         Reflect  .   (no cloak)
rCorr    +         Harm     .   t - +0 pair of gloves
MR       .....                  (no boots)
Stlth    +++.......             (no amulet)
HPRegen  0.15/turn              h - ring of fire
MPRegen  0.12/turn              A - ring of resist corrosion

@: agile
A: claws 2, powered by pain 1
a: Renounce Religion


You were on level 6 of the Dungeon.
You worshipped Vehumet.
Vehumet was noncommittal.
You were very hungry.

You visited 2 branches of the dungeon, and saw 8 of its levels.

You collected 291 gold pieces.

Inventory:

Hand Weapons
 d - a +1 dagger of speed
 e - a +0 club
 v - a +4 war axe of venom (weapon)
 y - a +3 whip
Missiles
 p - 22 poisoned needles
 u - 4 tomahawks (quivered)
Armour
 a - a +0 robe (worn)
 o - a cursed +0 buckler
 t - a +0 pair of gloves (worn)
Jewellery
 f - an uncursed ring of fire
 h - a ring of fire (left hand)
 A - a ring of resist corrosion (right hand)
Wands
 q - a wand of flame (58)
Scrolls
 g - a scroll of immolation
 k - a scroll of teleportation
 l - 2 scrolls of blinking
 m - a scroll of fear
 s - a scroll of identify
 B - a scroll of torment {unknown}
 C - a scroll of acquirement {unknown}
Potions
 n - a potion of lignification
 r - a potion of might {unknown}
 w - 2 potions of invisibility
 x - a potion of brilliance {unknown}
 z - 2 potions of heal wounds
Books
 b - a book of Conjurations

   Spells                             Type                      Level
   a - Magic Dart                     Conjuration                  1
   b - Searing Ray                    Conjuration                  2
   c - Dazzling Spray                 Conjuration/Hexes            3
   d - Fulminant Prism                Conjuration/Hexes            4
   e - Force Lance                    Conjuration/Translocation    4
   f - Iskenderun's Mystic Blast      Conjuration                  4
 i - a book of Cantrips

   Spells                             Type                      Level
   a - Confusing Touch                Hexes                        1
   b - Animate Skeleton               Necromancy                   1
   c - Summon Small Mammal            Summoning                    1
   d - Apportation                    Translocation                1
 j - a book of Minor Magic

   Spells                             Type                      Level
   a - Magic Dart                     Conjuration                  1
   b - Blink                          Translocation                2
   c - Call Imp                       Summoning                    2
   d - Slow                           Hexes                        2
   e - Conjure Flame                  Conjuration/Fire             3
   f - Mephitic Cloud                 Conjuration/Poison/Air       3
Comestibles
 c - 7 rations


   Skills:
 - Level 0.1 Axes
 + Level 2.1 Dodging
 - Level 1.7 Stealth
 + Level 2.3 Spellcasting
 * Level 9.5 Conjurations
 - Level 0.4 Evocations


You had 3 spell levels left.
You knew the following spells:

 Your Spells              Type           Power        Failure   Level  Hunger
a - Magic Dart            Conj           ####         1%          1    #......
b - Searing Ray           Conj           #####.       1%          2    ##.....
c - Iskenderun's Mystic   Conj           #####...     3%          4    #####..


Dungeon Overview and Level Annotations

Branches:
Dungeon (7/15)             Temple (1/1) D:4

Altars:
Ashenzari
Cheibriados
Dithmenos
Elyvilon
Fedhas
Gozag
Hepliaklqana
Makhleb
Nemelex Xobeh
Okawaru
Qazlal
Ru
Sif Muna
Trog
Uskayaw
Vehumet
Wu Jian
Xom
Yredelemnul
Zin
The Shining One

Annotations:
D:3 salinator123's ghost, amateur MiBe
D:4 Dowan; Duvessa
D:5 Frank's ghost, amateur OpFi


Innate Abilities, Weirdness & Mutations

You have very sharp fingernails.
You sometimes gain a little power by taking damage.


Message History

Okay, then.
The orc warrior hits you with a flail.
You are feeling very hungry.
Casting: Searing Ray
Confirm with . or Enter, or press ? or * to list all spells.
Aiming: Searing Ray
Press: ? - help, Shift-Dir - straight line, f - orc warrior
Aim: an orc warrior, wielding a flail and wearing a chain mail The searing ray hits the orc warrior. (Press . to maintain the ray.)
The searing ray hits the orc warrior.
The orc warrior is lightly wounded.
The searing ray misses the orc warrior.
The searing ray hits the orc.
You kill the orc!
Vehumet accepts your kill. The orc warrior hits you with a flail!
The searing ray hits the orc warrior.
The orc warrior is heavily wounded.
You finish channeling your searing ray.
The orc warrior hits you with a flail!!
You die...

....................#
#######........)....#
#..##.........#
#.............#
#..##.........#
####[.##.....)...#
#<##..###.##..####
#)##.........o###
#)##.>.##....@..#
####[##.#.##.......#
.................^.#
#######............#####
###.###..........# #.#
#..........# #.#
#..........#
#######.###..........#
###....................#


You could see an orc warrior.

Vanquished Creatures
  A sky beast (D:6)
  A centaur (D:6)
  Blork the orc (D:4)
  A crimson imp (D:6)
  A quasit (D:4)
  2 hounds
  A jelly (D:6)
  An orc priest (D:6)
  A gnoll shaman (D:6)
  Ijyb (D:4)
  2 orc wizards
  3 worker ants
  A worker ant zombie (D:6)
  3 gnolls (D:6)
  10 adders
  2 oozes
  An adder skeleton (D:4)
  3 dart slugs
  2 leopard geckos
  15 orcs
  8 bats
  2 giant cockroaches
  9 goblins
  6 hobgoblins
  10 jackals
  9 kobolds
  4 quokkas
  2 ball pythons (D:3)
  5 frilled lizards
  2 leopard gecko skeletons
  2 quokka skeletons (D:4)
  8 rats
120 creatures vanquished.

Notes
Turn   | Place    | Note
-------+----------+-------------------------------------------
     0 | D:1      | lyrx the Demonspawn Conjurer began the quest for the Orb.
     0 | D:1      | Reached XP level 1. HP: 13/13 MP: 3/3
   231 | D:1      | Gained mutation: You have sharp fingernails. [demonic ancestry]
   231 | D:1      | Reached XP level 2. HP: 19/19 MP: 1/5
   235 | D:1      | Learned a level 2 spell: Searing Ray
   753 | D:1      | Reached skill level 5 in Conjurations
   753 | D:1      | Gained mutation: You have very sharp fingernails. [demonic ancestry]
   753 | D:1      | Reached XP level 3. HP: 13/24 MP: 0/6
  1464 | D:2      | Found a shattered altar of Ashenzari.
  1470 | D:2      | Reached XP level 4. HP: 30/30 MP: 1/7
  1817 | D:2      | Reached skill level 6 in Conjurations
  2177 | D:3      | Learned a level 4 spell: Iskenderun's Mystic Blast
  2514 | D:3      | Noticed salinator123's ghost (amateur MiBe)
  2519 | D:3      | Reached XP level 5. HP: 35/35 MP: 2/8
  2891 | D:3      | Found a sparkling altar of Nemelex Xobeh.
  2892 | D:3      | Found an ornate altar of the Wu Jian Council.
  3282 | D:4      | Found a sacrificial altar of Ru.
  3314 | D:4      | Noticed Ijyb
  3633 | D:4      | Found a staircase to the Ecumenical Temple.
  3661 | Temple   | Entered the Ecumenical Temple
  3884 | Temple   | Became a worshipper of Vehumet
  3926 | D:4      | Reached skill level 7 in Conjurations
  5113 | D:4      | Noticed Blork the orc
  5121 | D:4      | Killed Blork the orc
  5121 | D:4      | Gained mutation: You sometimes gain a little power by taking damage. [demonic ancestry]
  5121 | D:4      | Reached XP level 6. HP: 26/41 MP: 1/9
  5416 | D:4      | Killed Ijyb
  5654 | D:4      | Noticed Duvessa
  5654 | D:4      | Noticed Dowan
  5976 | D:5      | Entered Level 5 of the Dungeon
  6269 | D:5      | Found a glowing golden altar of the Shining One.
  6289 | D:5      | Noticed Frank's ghost (amateur OpFi)
  6475 | D:5      | Reached skill level 8 in Conjurations
  6595 | D:5      | Found a bloodstained altar of Trog.
  6679 | D:5      | Found a glowing silver altar of Zin.
  7120 | D:6      | Reached XP level 7. HP: 28/46 MP: 0/10
  7780 | D:6      | Reached skill level 9 in Conjurations
  7988 | D:6      | Found a burning altar of Makhleb.
  8446 | D:7      | Noticed a hippogriff
  8447 | D:7      | Noticed a two-headed ogre
  8499 | D:6      | Slain by an orc warrior

Skill      XL: |  1  2  3  4  5  6  7 |
---------------+----------------------+-----
Conjurations   | 5 6 7 8 9 |  9.5
Dodging        | 2 |  2.1
Axes           | |  0.1
Stealth        | |  1.7
Spellcasting   | |  2.3
Evocations     | |  0.4

Action                   |  1- 3 |  4- 6 |  7- 9 || total
-------------------------+-------+-------+-------++-------
Melee: Unarmed           |     5 |       |       ||     5
       Club              |    38 |    36 |       ||    74
       War axe           |       |    17 |    12 ||    29
 Cast: Magic Dart        |    72 |    95 |    25 ||   192
       Searing Ray       |     4 |    20 |    10 ||    34
       Iskenderun's Myst |       |    15 |     3 ||    18
Evoke: Wand              |       |    13 |       ||    13
  Use: Potion            |       |     4 |     1 ||     5
       Scroll            |       |    10 |     2 ||    12
 Stab: Sleeping          |       |     1 |       ||     1
  Eat: Chunk             |     3 |    14 |     4 ||    21
       Ration            |       |     3 |       ||     3
Armor: Robe              |    24 |    39 |     5 ||    68
       Skin              |       |       |     5 ||     5
Dodge: Dodged            |    88 |    94 |    22 ||   204
